 Dungeon Sprint DCSS version 0.29-a0-322-g68df515428 (webtiles) character file.

Game seed: 3698697579388482427

71215 mhtbhm the Executioner (level 14, -13/270 HPs)
             Began as a Minotaur Fighter on Apr 6, 2022.
             Was an Initiate of Gozag.
             Mangled by Asmodeus
             ... wielding the +7 sceptre of Asmodeus
              (38 damage)
             ... in the Dungeon (Sprint VII: "The Pits").
             The game lasted 00:20:51 (5790 turns).

mhtbhm the Executioner (Minotaur Fighter)           Turns: 5790, Time: 00:20:52

Health: -13/270    AC: 39    Str: 34    XL:     14   Next: 97%
Magic:  13/13      EV:  9    Int:  5    God:    Gozag
Gold:   2059       SH: 11    Dex:  7    Spells: 13/13 levels left

rFire   + + .      SeeInvis .   a - +9 broad axe (vorpal)
rCold   + + .      Faith    .   c - +3 warlock's mirror {reflect}
rNeg    + . .      Spirit   .   b - +4 gold dragon scales
rPois   +          Reflect  +   G - +2 hat {Will+}
rElec   +          Harm     .   g - +1 cloak
rCorr   +          Rampage  .   m - +1 pair of gloves
Will    ++...      NoTele   +   k - +1 pair of boots
Stlth   ..........              r - amulet of Vitality {Regen+ HP+15}
HPRegen 1.35/turn               J - ring of Compulsion {rCorr Str+7}
MPRegen 0.13/turn               d - ring "Eqyptoiwk" {Fly rElec rN+ Str+2 Dex-4}

@: mighty, brilliant, berserking (expiring), resistant, gold aura, flying, very
quick
A: horns 2, retaliatory headbutt
a: Renounce Religion, Potion Petition, Call Merchant, Bribe Branch


You were in the Dungeon.
You worshipped Gozag.
Gozag was most pleased with you.
You visited 1 branch You collected 14959 gold pieces.
You spent 3627 gold pieces at shops.
You paid 9273 gold pieces to Gozag.

Inventory:

Hand Weapons
 a - a +9 vorpal broad axe (weapon)
 o - the +10 zealot's sword {holy, *Rage rN+ EV+3}
   (You bought it in a shop in the Dungeon)

   It has been blessed by the Shining One to cause great damage to the undead
   and demons.
   Whenever the wielder enters a berserk rage, their allies are berserked
   alongside them.
   EV:        It affects your evasion (+3).
   rN:        It protects you from negative energy.
   *Rage:     It berserks you when you make melee attacks (+20% chance).
 F - a +7 vorpal morningstar
Missiles
 H - 5 silver javelins (quivered)
 L - 6 javelins
Armour
 b - +4 gold dragon scales (worn)
 c - the +3 warlock's mirror (worn) {reflect}
   (You found it in the Dungeon)

   It can block and reflect piercing ranged attacks and magical attacks against
   the wielder's willpower.
 g - a +1 cloak (worn)
 k - a +1 pair of boots (worn)
 m - a +1 pair of gloves (worn)
 q - the +4 moon troll leather armour {Spirit, Regen++ MP+5}
   (You found it in the Dungeon)

   MP:        It affects your magic capacity (+5).
   Regen:     It increases your rate of health regeneration.
 G - a +2 hat of willpower (worn)
Jewellery
 d - the ring "Eqyptoiwk" (right hand) {Fly rElec rN+ Str+2 Dex-4}
   (You bought it in a shop in the Dungeon)

   [ring of positive energy]

   Str:       It affects your strength (+2).
   Dex:       It affects your dexterity (-4).
   rElec:     It insulates you from electricity.
   rN:        It protects you from negative energy.
   Fly:       It grants you flight.
 r - the amulet of Vitality (around neck) {Regen+ HP+15}
   (You bought it in a shop in the Dungeon)

   [amulet of regeneration]

   HP:        It affects your health (+15).
   Regen:     It increases your rate of health regeneration.
 x - a ring of protection from fire
 E - a ring of protection from fire
 J - the ring of Compulsion (left hand) {rCorr Str+7}
   (You took it off a vampire mage in the Dungeon)

   [ring of resist corrosion]

   Str:       It affects your strength (+7).
   rCorr:     It protects you from acid and corrosion.
 K - a ring of see invisible
Wands
 y - a wand of iceblast (3)
Scrolls
 l - 7 scrolls of amnesia
 s - a scroll of enchant weapon
 v - a scroll of fear
 w - a scroll of silence
 I - a scroll of identify
Potions
 e - 4 potions of curing
 f - 2 potions of heal wounds
 h - 4 potions of magic
 i - a potion of berserk rage
 n - 3 potions of might
 p - 3 potions of brilliance
 z - a potion of cancellation
 A - a potion of resistance
 B - a potion of mutation
 C - a potion of flight
Miscellaneous
 M - a lightning rod (4/4)


   Skills:
 + Level 26.1 Fighting
 * Level 6.7 Long Blades
 + Level 26.6 Axes
 + Level 23.2 Armour
 + Level 6.8 Dodging
 - Level 14.0 Stealth
 + Level 18.6 Shields
 + Level 2.7 Evocations


You had 13 spell levels left.
You didn't know any spells.
Your spell library contained the following spells:

 Spells                   Type           Power      Damage    Failure   Level
 Sandblast                Erth           0%         2d4       98%         1
 Passwall                 Tmut/Erth      0%         N/A       99%         2
 Sublimation of Blood     Necr           0%         N/A       99%         2
 Wereblood                Tmut           0%         N/A       99%         2
 Mephitic Cloud           Conj/Pois/Air  0%         N/A       100%        3
 Stone Arrow              Conj/Erth      0%         3d7       100%        3
 Airstrike                Air            0%         N/A       100%        4
 Blade Hands              Tmut           0%         N/A       100%        5
 Eringya's Noxious Bog    Tmut/Pois      0%         N/A       100%        6
 Storm Form               Tmut/Air       0%         N/A       100%        7
 Summon Hydra             Summ           0%         N/A       100%        7
 Maxwell's Capacitive Co  Air            0%         ∞         100%        8


Dungeon Overview and Level Annotations

Branches:
Dungeon (1/1)

Altars:
Ashenzari
Cheibriados
Dithmenos
Elyvilon
Fedhas
Gozag
Hepliaklqana
Kikubaaqudgha
Makhleb
Nemelex Xobeh
Okawaru
Qazlal
Ru
Sif Muna
Trog
Uskayaw
Vehumet
Wu Jian
Xom
Yredelemnul
Zin
The Shining One
Beogh
Jiyva
Lugonu

Shops:
D (==

Annotations:
D Asmodeus


Innate Abilities, Weirdness & Mutations

You have a pair of horns on your head.
You reflexively headbutt those who attack you in melee.


Message History

The balrug hits you with a +0 demon whip of electrocution!
* * * LOW HITPOINT WARNING * * *
You are engulfed in flames!
You resist.
* * * LOW HITPOINT WARNING * * *
You hit Asmodeus but do no damage. Your headbutt misses Asmodeus.
Asmodeus is heavily wounded.
You slice the balrug!!
You are engulfed in blazing flames.
You resist.
You slash Asmodeus!
Asmodeus is heavily wounded.
You slash the balrug!
You kill the balrug!
The balrug disappears in a puff of smoke!
You are engulfed in blazing flames.
You resist.
Asmodeus hits you with the +7 sceptre of Asmodeus!!
* * * LOW HITPOINT WARNING * * *
You hit Asmodeus.
You headbutt Asmodeus, but do no damage.
Asmodeus is heavily wounded.
You are engulfed in blazing flames.
You resist.
You hit Asmodeus but do no damage.
Asmodeus is heavily wounded.
You are engulfed in blazing flames.
You resist.
* * * LOW HITPOINT WARNING * * *
You block Asmodeus's attack.
Unknown command.
You hit Asmodeus but do no damage.
Asmodeus is heavily wounded.
You are engulfed in blazing flames.
You resist.
* * * LOW HITPOINT WARNING * * *
You slash Asmodeus!
Asmodeus is heavily wounded.
You are engulfed in blazing flames.
You resist.
* * * LOW HITPOINT WARNING * * *
You slash Asmodeus!
Asmodeus is severely wounded.
You are engulfed in blazing flames.
You resist.
Asmodeus shouts, "I shall devour thy brain!"
Asmodeus hits you with the +7 sceptre of Asmodeus!!!
You die...
Your body crumbles into a pile of gold.

+,+**,+**,+**,,,,**#+#
,,,+,,,+,,,+,,,,,,*#.#
*,***,***,**,,,,,,*#'#
*+* *+* ****,,,,,,*#.#
*,***,***,***,,,,**#'#
,,,+,,,+,,,*###### #.#
*,***,***,**#..#.###'#
***,*+*,**#.###&○§##.#
+,**+,**+,*#'&.#@###'#
,,,+,,,*,,,#...#.# #.#
*,***,***,+##○##.###'#
***,***,***,&##...##.##
,+,,,+,,,+,☼○##..##...#
***,***,**#☼##.##'').)#
* *** *** ##*#######)##
*******************#'#
,,,,$,,,,*,,,,,,,,*#.#


You could see Asmodeus (clouds).

Vanquished Creatures
  Khufu (D)
  An ancient lich (D)
  2 pandemonium lords (D)
  4 royal mummies (D)
  A Brimstone Fiend (D)
  A Hell Sentinel (D)
  An Ice Fiend (D)
  A deep elf blademaster (D)
  Gastronok (D)
  A nagaraja (D)
  A draconian knight (D)
  An emperor scorpion (D)
  A frost giant (D)
  2 orc warlords (D)
  A draconian stormcaller (D)
  A deep elf demonologist (D)
  An apis (D)
  2 minotaurs (D)
  A purple draconian (D)
  A fire dragon (D)
  Josephine (D)
  A vault guard (D)
  2 merfolk avatars (D)
  7 naga warriors (D)
  An anaconda (D)
  A centaur warrior (D)
  3 two-headed ogres (D)
  A death knight (D)
  2 alligator snapping turtles (D)
  A vampire mage (D)
  2 sun demons (D)
  2 skeletal warriors (D)
  2 deep elf knights (D)
  2 fire crabs (D)
  A sea snake (D)
  A flayed ghost (D)
  A spriggan druid (D)
  A deep troll (D)
  A lindwurm (D)
  A deep elf pyromancer (D)
  9 orc knights (D)
  A salamander (D)
  A manticore (D)
  2 elephants (D)
  An orange demon (D)
  A large abomination (D)
  Psyche (D)
  3 demonic crawlers (D)
  A yaktaur (D)
  A tormentor (D)
  3 ice devils (D)
  A guardian mummy (D)
  A red devil (D)
  A merfolk (D)
  2 hornets (D)
  2 tyrant leeches (D)
  A hornet (shapeshifter) (D)
  A tarantella (D)
  3 blink frogs (D)
  A spriggan (D)
  A ynoxinul (D)
  2 vampires (D)
  5 wraiths (D)
  A fire elemental (D)
  3 redbacks (D)
  6 vampire mosquitoes (D)
  2 chaos spawn (D)
  3 wargs (D)
  An acid dragon (D)
  3 nagas (D)
  A floating eye (D)
  A water moccasin (D)
  An orc warrior (D)
  2 ogres (D)
  A swamp drake (D)
  A sky beast (D)
  2 phantoms (D)
  An earth elemental (D)
  A scorpion (D)
  A small abomination (D)
  10 killer bees (D)
  2 orc priests (D)
  4 orc wizards (D)
  A mummy (D)
  A river rat (D)
  2 ufetubi (D)
  6 orcs (D)
  2 ball pythons (D)
  A bat (D)
  A bat zombie (D)
  2 endoplasms (D)
  3 giant cockroaches (D)
  2 hobgoblins (D)
  A kobold (D)
  A quokka (D)
  A ball python skeleton (D)
  2 frilled lizards (D)
  2 quokka skeletons (D)
180 creatures vanquished.

Vanquished Creatures (others)
  An acid blob (D)
  A redback (D)
  An ogre (D)
3 creatures vanquished.

Grand Total: 183 creatures vanquished

Notes
Turn   | Place    | Note
-------+----------+-------------------------------------------
     0 | D        | mhtbhm the Minotaur Fighter began the quest for the Orb.
     0 | D        | Reached XP level 1. HP: 19/19 MP: 0/0
    18 | D        | Found a bloodstained altar of Trog.
    18 | D        | Found a shimmering blue altar of Sif Muna.
    18 | D        | Found a viscous altar of Jiyva.
    18 | D        | Found a hazy altar of Hepliaklqana.
    18 | D        | Found an opulent altar of Gozag.
    19 | D        | Found a glowing golden altar of the Shining One.
    19 | D        | Found a glowing silver altar of Zin.
    19 | D        | Found a basalt altar of Yredelemnul.
    19 | D        | Found a shimmering altar of Xom.
    19 | D        | Found an ornate altar of the Wu Jian Council.
    19 | D        | Found a sacrificial altar of Ru.
    19 | D        | Found a stormy altar of Qazlal.
    19 | D        | Found an iron altar of Okawaru.
    19 | D        | Found a sparkling altar of Nemelex Xobeh.
    19 | D        | Found a burning altar of Makhleb.
    19 | D        | Found a blossoming altar of Fedhas.
    19 | D        | Found a white marble altar of Elyvilon.
    19 | D        | Found a shadowy altar of Dithmenos.
    19 | D        | Found a snail-covered altar of Cheibriados.
    21 | D        | Found a radiant altar of Vehumet.
    21 | D        | Found a corrupted altar of Lugonu.
    22 | D        | Found a hide-covered altar of Uskayaw.
    22 | D        | Found an ancient bone altar of Kikubaaqudgha.
    22 | D        | Found a broken altar of Ashenzari.
    30 | D        | Became a worshipper of Gozag Ym Sagoz the Greedy
    99 | D        | Reached XP level 2. HP: 28/28 MP: 1/1
   107 | D        | Noticed a warg
   119 | D        | Killed a warg
   120 | D        | Reached XP level 3. HP: 32/39 MP: 2/2
   120 | D        | Reached XP level 4. HP: 39/47 MP: 3/3
   295 | D        | Noticed a phantom
   304 | D        | Killed a phantom
   305 | D        | Reached skill level 5 in Axes
   305 | D        | Reached skill level 1 in Dodging
   305 | D        | Reached XP level 5. HP: 43/56 MP: 4/4
   380 | D        | Noticed a warg
   396 | D        | Killed a warg
   397 | D        | Reached XP level 6. HP: 36/63 MP: 5/5
   533 | D        | Noticed a water moccasin
   541 | D        | Killed a water moccasin
   586 | D        | Noticed a sky beast
   589 | D        | Reached skill level 10 in Fighting
   589 | D        | Reached skill level 10 in Armour
   592 | D        | Killed a sky beast
   593 | D        | Reached XP level 7. HP: 73/73 MP: 6/6
   694 | D        | Noticed Josephine
   694 | D        | Noticed a wraith
   694 | D        | Noticed a wraith
   694 | D        | Noticed a wraith
   695 | D        | Noticed a wraith
   714 | D        | Killed Josephine
   715 | D        | Reached skill level 10 in Shields
   715 | D        | Reached XP level 8. HP: 67/83 MP: 7/7
   734 | D        | Reached skill level 1 in Stealth
  1026 | D        | Got the +1 broad axe "Juhukh" {drain, rC+ Str+6}
  1130 | D        | Noticed a tyrant leech
  1141 | D        | Killed a tyrant leech
  1142 | D        | Reached XP level 9. HP: 78/93 MP: 8/8
  1203 | D        | Noticed a sea snake
  1203 | D        | Noticed a guardian mummy
  1203 | D        | Noticed an elephant
  1208 | D        | Killed a guardian mummy
  1212 | D        | Reached skill level 5 in Dodging
  1218 | D        | Killed a sea snake
  1220 | D        | Killed an elephant
  1221 | D        | Reached skill level 15 in Axes
  1221 | D        | Reached XP level 10. HP: 39/104 MP: 9/9
  1514 | D        | Noticed a sun demon
  1515 | D        | Noticed a manticore
  1517 | D        | Noticed an orange demon
  1520 | D        | Killed a sun demon
  1522 | D        | Killed a manticore
  1523 | D        | Reached skill level 15 in Fighting
  1530 | D        | Killed an orange demon
  1816 | D        | Reached skill level 15 in Armour
  1862 | D        | Noticed a nagaraja
  1879 | D        | Killed a nagaraja
  2304 | D        | Noticed a flayed ghost
  2311 | D        | Killed a flayed ghost
  2312 | D        | Reached XP level 11. HP: 103/114 MP: 10/10
  2371 | D        | Noticed a lindwurm
  2372 | D        | Noticed a centaur warrior
  2385 | D        | Killed a centaur warrior
  2388 | D        | Killed a lindwurm
  2644 | D        | Noticed a two-headed ogre
  2649 | D        | Killed a two-headed ogre
  2650 | D        | Reached skill level 5 in Stealth
  2667 | D        | Noticed a two-headed ogre
  2672 | D        | Killed a two-headed ogre
  2949 | D        | Noticed Psyche
  2956 | D        | Killed Psyche
  3030 | D        | Noticed a spriggan druid
  3030 | D        | Noticed a merfolk avatar
  3030 | D        | Noticed an alligator snapping turtle
  3030 | D        | Noticed a fire dragon
  3030 | D        | Noticed a fire crab
  3030 | D        | Noticed a deep elf pyromancer
  3036 | D        | Killed a spriggan druid
  3038 | D        | Killed a merfolk avatar
  3044 | D        | Killed a fire dragon
  3045 | D        | Reached XP level 12. HP: 127/127 MP: 11/11
  3053 | D        | Killed an alligator snapping turtle
  3058 | D        | Noticed an anaconda
  3065 | D        | Killed an anaconda
  3113 | D        | Got Eringya's Handbook of Mutagenic Toxins
  3186 | D        | Noticed an emperor scorpion
  3202 | D        | Killed an emperor scorpion
  3495 | D        | Noticed a minotaur
  3505 | D        | Killed a minotaur
  3506 | D        | Reached skill level 10 in Stealth
  3506 | D        | Noticed a minotaur
  3512 | D        | Noticed a deep elf blademaster
  3516 | D        | Killed a minotaur
  3536 | D        | Killed a deep elf blademaster
  3553 | D        | Identified the ring of Compulsion {rCorr Str+7}
  3553 | D        | Noticed a vampire mage
  3575 | D        | Killed a vampire mage
  3584 | D        | Reached skill level 15 in Shields
  3636 | D        | Noticed Gastronok
  3652 | D        | Killed Gastronok
  3793 | D        | Noticed a two-headed ogre
  3797 | D        | Killed a two-headed ogre
  3957 | D        | Got the Papyrus of Gliding Contamination
  4061 | D        | Noticed an orc warlord
  4061 | D        | Noticed an orc warlord
  4062 | D        | Noticed a naga warrior
  4069 | D        | Reached XP level 13. HP: 139/139 MP: 12/12
  4076 | D        | Killed an orc warlord
  4080 | D        | Reached skill level 1 in Evocations
  4082 | D        | Killed an orc warlord
  4768 | D        | Found the +3 warlock's mirror {reflect}
  4821 | D        | Found the +4 moon troll leather armour {Spirit, Regen++
                  | MP+5}
  4879 | D        | Noticed a black draconian knight
  4888 | D        | Killed a black draconian knight
  4948 | D        | Noticed an apis
  4956 | D        | Killed an apis
  4965 | D        | Bought the amulet of Vitality {Regen+ HP+15} for 1422 gold
                  | pieces
  4965 | D        | Found the amulet of Vitality {Regen+ HP+15}
  4980 | D        | Bought the ring "Eqyptoiwk" {Fly rElec rN+ Str+2 Dex-4} for
                  | 478 gold pieces
  4988 | D        | Bought the +10 zealot's sword {holy, *Rage rN+ EV+3} for
                  | 1475 gold pieces
  4988 | D        | Found the +10 zealot's sword {holy, *Rage rN+ EV+3}
  4989 | D        | Bought a +2 vorpal broad axe for 252 gold pieces
  5022 | D        | Noticed a royal mummy
  5029 | D        | Killed a royal mummy
  5133 | D        | Noticed a Hell Sentinel
  5143 | D        | Killed a Hell Sentinel
  5144 | D        | Reached XP level 14. HP: 119/155 MP: 13/13
  5188 | D        | Noticed a royal mummy
  5193 | D        | Killed a royal mummy
  5220 | D        | Noticed a white draconian stormcaller
  5220 | D        | Noticed Usoyleit the pandemonium lord
  5220 | D        | Noticed a frost giant
  5220 | D        | Noticed a royal mummy
  5233 | D        | Noticed an emperor scorpion
  5234 | D        | Killed a frost giant
  5237 | D        | Killed a royal mummy
  5243 | D        | Killed Usoyleit the pandemonium lord
  5248 | D        | Killed a white draconian stormcaller
  5363 | D        | Noticed a royal mummy
  5368 | D        | Killed an acid blob
  5373 | D        | Killed a royal mummy
  5473 | D        | Noticed a Brimstone Fiend
  5481 | D        | Killed a Brimstone Fiend
  5611 | D        | Noticed Khufu
  5627 | D        | Noticed an emperor scorpion
  5633 | D        | Killed Khufu
  5677 | D        | Noticed an Ice Fiend
  5682 | D        | Killed an Ice Fiend
  5684 | D        | Noticed an ancient lich
  5692 | D        | Killed an ancient lich
  5763 | D        | Noticed Vidoa the pandemonium lord
  5763 | D        | Found the +7 sceptre of Asmodeus
  5763 | D        | Noticed Asmodeus
  5770 | D        | Killed Vidoa the pandemonium lord
  5774 | D        | Noticed a balrug
  5782 | D        | Noticed a balrug
  5782 | D        | Noticed a Brimstone Fiend
  5790 | D        | Mangled by Asmodeus

Illustrated notes

Levels and vault maps discovered:
D:        pitsprint [storerooms_1, entrance_room_1, metal_vault_3, armoury_2,
          mini_pit_1, grid_room_1, main_hall_1, silver_pit, the_coven_3,
          the_vestibule_1, steel_vault_1, golden_pit, hallway_of_sentries,
          crystal_vault_2, iron_vault_4, final_vault]

Skill      XL: |  1  2  3  4  5  6  7  8  9 10 11 12 13 14 |
---------------+-------------------------------------------+-----
Fighting       | 4 7 8 9 10 12 13 14 16 18 20 22 26 | 26.1
Armour         | 4 7 8 9 10 11 12 14 15 16 18 21 23 | 23.2
Shields        | 4 6 7 8 9 10 11 12 14 15 16 18 | 18.6
Axes           | 3 4 5 6 8 11 12 15 18 20 22 24 26 | 26.6
Dodging        | 1 2 3 4 5 6 |  6.8
Stealth        | 1 2 3 7 10 13 14 | 14.0
Evocations     | 2 |  2.7
Long Blades    | 6 |  6.7

Action                   |  1- 3 |  4- 6 |  7- 9 | 10-12 | 13-15 || total
-------------------------+-------+-------+-------+-------+-------++-------
Melee: War axe           |    21 |       |       |       |       ||    21
       Headbutt          |     1 |     6 |    14 |    58 |    55 ||   134
       Hand axe          |       |    40 |    66 |       |       ||   106
       Broad axe         |       |       |    25 |   251 |   213 ||   489
Invok: Potion Petition   |       |       |     1 |     7 |     9 ||    17
       Call Merchant     |       |       |       |       |     3 ||     3
Evoke: Wand              |       |       |       |     3 |     1 ||     4
       Lightning rod     |       |       |       |     2 |     1 ||     3
  Use: Potion            |     2 |       |     3 |     9 |    14 ||    28
       Scroll            |       |       |       |     1 |    13 ||    14
 Stab: Distracted        |       |       |     1 |     4 |     1 ||     6
       Invisible         |       |       |       |    19 |    19 ||    38
Armor: Scale mail        |    11 |    11 |    11 |       |       ||    33
       Plate armour      |       |       |    19 |   134 |    27 ||   180
       Gold dragon scale |       |       |       |       |    47 ||    47
Dodge: Dodged            |    11 |    18 |    31 |    76 |    54 ||   190
Block: Buckler           |     3 |    12 |    15 |    80 |    61 ||   171
       Reflection        |       |       |       |       |     4 ||     4

Table legend: (Time is in decaauts)
 A = Elapsed time spent in this place.
 B = Non-inter-level travel time spent in this place.
 C = Inter-level travel time spent in this place.
 D = Time resting spent in this place.
 E = Time spent auto-exploring this place.
 F = Levels seen in this place.
 G = Mean time per level.
                   A        B        C        D        E       F      G
               +--------+--------+--------+--------+--------+-----+--------+
         Total |   5649 |   5649 |      0 |   3433 |     30 |   1 | 5649.0 |
       Dungeon |   5649 |   5649 |      0 |   3433 |     30 |   1 | 5649.0 |
               +--------+--------+--------+--------+--------+-----+--------+

Top non-repeatable levels by time:
       D: 5649 daAuts
